Pick #1

Connor Bedard
Pick #2

Leo Carlsson
Pick #3

Adam Fantilli
Pick #4

Matvei Michkov
Pick #5

David Reinbacher
Pick #6

William Smith
Pick #7

Zachary Benson
Pick #8

Ryan Leonard
Pick #9

Gabriel Perreault
Pick #10

Axel Sandin-Pellika
Pick #11

Daniil But
Pick #12

Dalibor Dvorsky
Pick #13

Quentin Musty
Pick #14

Brayden Yager
Pick #15

Dmitry Simashev
Pick #16

Colby Barlow
Pick #17

Andrew Cristall
Pick #18

Easton Cowan
Pick #19

Jacob Fowler
Pick #20

Oliver Moore
Pick #21

Oliver Bonk
Pick #22

Tom Willander
Pick #23

Calum Ritchie
Pick #24

Tanner Molendyk
Pick #25

Gavin Brindley
Pick #26

Nate Danielson
Pick #27

Pick #28

Pick #29

Pick #30

Pick #31

Pick #32

Pick #33

Pick #34

Pick #35

Pick #36

Pick #37

Pick #38

Pick #39

Pick #40

Pick #41

Pick #42

Pick #43

Pick #44

Pick #45

Pick #46

Pick #47

Pick #48

Pick #49

Pick #50

Pick #51

Pick #52

Pick #53

Pick #54

Pick #55

Pick #56

Pick #57

Pick #58

Pick #59

Pick #60

Pick #61

Pick #62

Pick #63

Pick #64

Pick #65

Pick #66

Pick #67

Pick #68

Pick #69

Pick #70

Pick #71

Pick #72

Pick #73

Pick #74

Pick #75

Pick #76

Pick #77

Pick #78

Pick #79

Pick #80

Pick #81

Pick #82

Pick #83

Pick #84

Pick #85

Pick #86

Pick #87

Pick #88

Pick #89

Pick #90

Pick #91

Pick #92

Pick #93

Pick #94

Pick #95

Pick #96

Pick #97

Pick #98

Pick #99

Pick #100

Pick #101

Pick #102

Pick #103

Pick #104

Pick #105

Pick #106

Pick #107

Pick #108

Pick #109

Pick #110

Pick #111

Pick #112

Pick #113

Pick #114

Pick #115

Pick #116

Pick #117

Pick #118

Pick #119

Pick #120

Pick #121

Pick #122

Pick #123

Pick #124

Pick #125

Pick #126

Pick #127

Pick #128

Pick #129

Pick #130

Full Scoreboard »»

Jets vs Golden Knights

Created - March 23, 2024 at 10:50

Goals
1 2 3 T
Jets 0 1 0 1
Golden Knights 3 1 1 5
Shots
1 2 3 T
Jets 11 11 5 27
Golden Knights 14 11 16 41

GoalsPenalties
1st period
1. Golden Knights , Jack Roslovic 13 (T.J. Oshie 17, Jakob Chychrun 37) at 6:11 (PP)
2. Golden Knights , Jakob Chychrun 13 (Kirby Dach 15, Adam Boqvist 27) at 10:23
3. Golden Knights , Tomas Hertl 26 (Marcus Foligno 12) at 19:53
Andre Burakovsky (WPG) for Goalie Interference (Minor) at 4:55
Jakob Chychrun (VGK) for Holding (Minor) at 11:44
2nd period
4. Golden Knights , Jack Roslovic 14 (Jakob Chychrun 38) at 8:59
5. Jets , Hampus Lindholm 9 (Andre Burakovsky 35) at 10:30 (PP)
Jakob Chychrun (VGK) for Tripping (Minor) at 4:00
Jakob Chychrun (VGK) for High sticking (Minor) at 9:02
3rd period
6. Golden Knights , T.J. Oshie 15 (Jakob Chychrun 39, Marcus Foligno 13) at 13:22 (PP)
Torey Krug (WPG) for High sticking (Minor) at 11:45
Kieffer Bellows (WPG) for Slashing (Minor) at 15:15
Goalie Stats
Darcy Kuemper (WPG), 13 saves from 17 shots - (0.765), L, 33-16-7, 28:59 minutes
Dan Vladar (WPG), 23 saves from 24 shots - (0.958), 31:01 minutes
Ukko-Pekka Luukkonen (VGK), 26 saves from 27 shots - (0.963), W, 3-0-0, 60:00 minutes
3 StarsOfficial
1 - Jack Roslovic (VGK)
2 - Jakob Chychrun (VGK)
3 - T.J. Oshie (VGK)
Referees : Peter MacDougall and Kendrick Nicholson
Linesman : Ryan Galloway and Brent Hooks
Game Note
Dan Vladar enters game at 8:59 of 2nd period
Nick Schmaltz is injured at 14:43 of 2nd period (Left Foot)
Finance
Level 1 -- Attendance: 6500 (100.00%) -- Ticket Income $715,000
Level 2 -- Attendance: 4376 (87.52%) -- Ticket Income $358,832
Level 3 -- Attendance: 2887 (82.49%) -- Ticket Income $181,881
Level 4 -- Attendance: 2954 (83.52%) -- Ticket Income $59,080
Luxury Box -- Attendance: 866 (86.60%) -- Ticket Income $194,850
Game was played at the T-Mobile Arena.
Total Attendance: 17583 (90.00%)
Total Ticket Income: $1,509,643
Other Income: $377,411
Total Income: $1,887,054



Team Name Goals Shots Shots Attemp Shots Blocked PIM HIT PP PK FO%
Jets 1274546211 / 3 (33%)241%
Golden Knights 5416056162 / 3 (67%)159%

Jets
Player Name POS G A P +/- PIM HIT SHT SB MP PP MP PP SHT PK MP PK SHT FO% FOT
Andre BurakovskyLW011-2220020:052:4000:0000% 0
Andreas AthanasiouC0000012021:172:4600:50029% 17
Connor MurphyD000-2030118:290:0002:3100% 0
Darren HelmC0000001010:070:0000:00053% 15
Garnet HathawayRW0000010015:090:0004:02050% 4
Gustav NyquistC0000016017:552:4624:02046% 26
Hampus LindholmD101-1022026:402:5022:3100% 0
Jake BeanD000-2001220:552:3602:2100% 0
Joe VelenoC000-1000011:210:0000:0000% 0
Kieffer BellowsLW000021009:470:0000:0000% 1
Mark JankowskiC000-1013112:110:0000:50060% 15
Matt GrzelcykD0000031012:250:0000:0000% 0
Nate SchmidtD0000000016:132:3601:1200% 0
Nick SchmaltzC000-2012013:132:4010:00025% 24
Oliver BjorkstrandRW000-2013020:062:4020:0000% 0
Oskar SundqvistC000002109:480:0000:0000% 1
Thomas NovakC000-1002014:072:4610:000100% 1
Torey KrugD000-1223025:172:5011:0900% 0
Golden Knights
Player Name POS G A P +/- PIM HIT SHT SB MP PP MP PP SHT PK MP PK SHT FO% FOT
Adam BoqvistD0113000219:591:4502:2800% 0
Austin WatsonLW000001206:540:0000:0400% 0
Derek GrantC000000107:570:0001:07075% 12
Jack RoslovicC2022025019:211:4714:15048% 31
Jake EvansC0000011014:130:0004:15068% 25
Jakob ChychrunD1343613017:281:4500:0000% 0
Kirby DachC0112023016:243:0500:0000% 0
Marcus FolignoLW0221010021:221:4700:00033% 3
Mark StoneRW0002022016:243:0500:00050% 4
Mattias JanmarkC000000106:500:0000:0000% 0
Miro HeiskanenD0000012227:383:0712:5800% 0
Rafael Harvey-PinardLW000001209:580:0000:000100% 1
Sean WalkerD0000011114:470:0002:2400% 0
T.J. OshieRW1121014021:221:4710:000100% 1
Tomas HertlC1011007023:473:0521:07154% 26
Travis HamonicD0000011012:270:0000:0400% 0
Vladislav NamestnikovC0000005010:020:0000:040100% 1
Zach WerenskiD0000011027:383:0712:5800% 0



Play-by-Play

1st period


0:01 of 1st period - Tomas Hertl wins face-off versus Nick Schmaltz in neutral zone.
0:03 of 1st period - Off-side.
0:04 of 1st period - Garnet Hathaway wins face-off versus Jack Roslovic in neutral zone.
0:13 of 1st period - Shot by Jake Bean.
0:13 of 1st period - Stopped by Ukko-Pekka Luukkonen without a rebound.
0:14 of 1st period - Jake Evans wins face-off versus Mark Jankowski in Golden Knights zone.
2:09 of 1st period - Shot by T.J. Oshie.
2:09 of 1st period - Stopped by Darcy Kuemper without a rebound.
2:10 of 1st period - Jack Roslovic wins face-off versus Gustav Nyquist in Jets zone.
2:10 of 1st period - Mark Stone is hit by Matt Grzelcyk and loses puck.
2:18 of 1st period - Mark Stone is hit by Matt Grzelcyk and loses puck.
2:42 of 1st period - Icing by Jakob Chychrun.
2:43 of 1st period - Darren Helm wins face-off versus Jack Roslovic in Golden Knights zone.
2:46 of 1st period - Shot by Oskar Sundqvist.
2:46 of 1st period - Stopped by Ukko-Pekka Luukkonen without a rebound.
2:47 of 1st period - Derek Grant wins face-off versus Kieffer Bellows in Golden Knights zone.
2:54 of 1st period - Torey Krug is hit by Austin Watson and loses puck.
3:32 of 1st period - Icing by Torey Krug.
3:33 of 1st period - Darren Helm wins face-off versus Tomas Hertl in Jets zone.
3:33 of 1st period - Darren Helm is hit by T.J. Oshie.
3:49 of 1st period - Jakob Chychrun is hit by Garnet Hathaway and loses puck.
4:02 of 1st period - Shot by Gustav Nyquist.
4:02 of 1st period - Shot Misses the Net.
4:04 of 1st period - Shot by Nate Schmidt.
4:04 of 1st period - Shot Hit the Post.
4:06 of 1st period - Shot by Garnet Hathaway.
4:06 of 1st period - Shot Misses the Net.
4:08 of 1st period - Shot by Gustav Nyquist.
4:08 of 1st period - Shot Misses the Net.
4:26 of 1st period - Shot by Andreas Athanasiou.
4:26 of 1st period - Stopped by Ukko-Pekka Luukkonen without a rebound.
4:27 of 1st period - Nick Schmaltz wins face-off versus Jack Roslovic in Golden Knights zone.
4:32 of 1st period - Shot by Nick Schmaltz.
4:32 of 1st period - Stopped by Ukko-Pekka Luukkonen without a rebound.
4:33 of 1st period - Jack Roslovic wins face-off versus Nick Schmaltz in Golden Knights zone.
4:47 of 1st period - Off-side.
4:48 of 1st period - Mark Jankowski wins face-off versus Jake Evans in neutral zone.
4:51 of 1st period - Shot by Torey Krug.
4:51 of 1st period - Stopped by Ukko-Pekka Luukkonen without a rebound.
4:52 of 1st period - Jack Roslovic wins face-off versus Nick Schmaltz in Golden Knights zone.
4:52 of 1st period - Jack Roslovic is hit by Andre Burakovsky.
4:55 of 1st period - Minor Penalty to Andre Burakovsky for Goalie Interference.
4:56 of 1st period - Gustav Nyquist wins face-off versus Tomas Hertl in Jets zone.
5:07 of 1st period - Shot by Tomas Hertl.
5:07 of 1st period - Stopped by Darcy Kuemper with a rebound.
5:54 of 1st period - Icing by Zach Werenski.
5:55 of 1st period - Tomas Hertl wins face-off versus Gustav Nyquist in Golden Knights zone.
6:11 of 1st period - Shot by Jack Roslovic.
6:11 of 1st period - Goal by Jack Roslovic - Jets : 0 - Golden Knights : 1.
6:12 of 1st period - Vladislav Namestnikov wins face-off versus Nick Schmaltz in neutral zone.
6:23 of 1st period - Shot by Rafael Harvey-Pinard.
6:23 of 1st period - Stopped by Darcy Kuemper without a rebound.
6:24 of 1st period - Derek Grant wins face-off versus Mark Jankowski in Jets zone.
7:40 of 1st period - Miro Heiskanen is hit by Connor Murphy and loses puck.
8:15 of 1st period - Off-side.
8:16 of 1st period - Jack Roslovic wins face-off versus Garnet Hathaway in neutral zone.
9:21 of 1st period - Icing by Rafael Harvey-Pinard.
9:22 of 1st period - Rafael Harvey-Pinard wins face-off versus Nick Schmaltz in Golden Knights zone.
9:50 of 1st period - Shot by Vladislav Namestnikov.
9:50 of 1st period - Stopped by Darcy Kuemper without a rebound.
9:51 of 1st period - Darren Helm wins face-off versus Marcus Foligno in Jets zone.
9:56 of 1st period - Zach Werenski is hit by Oskar Sundqvist and loses puck.
10:04 of 1st period - Icing by Tomas Hertl.
10:05 of 1st period - Marcus Foligno wins face-off versus Andreas Athanasiou in Golden Knights zone.
10:15 of 1st period - Off-side.
10:16 of 1st period - Jack Roslovic wins face-off versus Nick Schmaltz in neutral zone.
10:18 of 1st period - Adam Boqvist is hit by Connor Murphy and loses puck.
10:21 of 1st period - Shot by Kirby Dach.
10:21 of 1st period - Stopped by Darcy Kuemper with a rebound.
10:23 of 1st period - Shot by Jakob Chychrun.
10:23 of 1st period - Goal by Jakob Chychrun - Jets : 0 - Golden Knights : 2.
10:24 of 1st period - Tomas Hertl wins face-off versus Nick Schmaltz in neutral zone.
11:00 of 1st period - Zach Werenski is hit by Hampus Lindholm and loses puck.
11:26 of 1st period - Icing by Jakob Chychrun.
11:27 of 1st period - Gustav Nyquist wins face-off versus Jack Roslovic in Golden Knights zone.
11:27 of 1st period - Gustav Nyquist is hit by Jakob Chychrun.
11:44 of 1st period - Minor Penalty to Jakob Chychrun for Holding.
11:45 of 1st period - Andreas Athanasiou wins face-off versus Jake Evans in Golden Knights zone.
11:46 of 1st period - Shot by Gustav Nyquist.
11:46 of 1st period - Shot Blocked by Miro Heiskanen.
11:48 of 1st period - Shot by Thomas Novak.
11:48 of 1st period - Shot Hit the Post.
11:50 of 1st period - Shot by Nate Schmidt.
11:50 of 1st period - Deflect By Thomas Novak.
11:50 of 1st period - Stopped by Ukko-Pekka Luukkonen without a rebound.
11:51 of 1st period - Jake Evans wins face-off versus Andreas Athanasiou in Golden Knights zone.
12:22 of 1st period - Icing by Jake Bean.
12:23 of 1st period - Jake Evans wins face-off versus Andreas Athanasiou in Jets zone.
13:01 of 1st period - Off-side.
13:02 of 1st period - Jake Evans wins face-off versus Nick Schmaltz in neutral zone.
13:12 of 1st period - Icing by Torey Krug.
13:13 of 1st period - Derek Grant wins face-off versus Nick Schmaltz in Jets zone.
13:16 of 1st period - Shot by Tomas Hertl.
13:16 of 1st period - Stopped by Darcy Kuemper without a rebound.
13:17 of 1st period - Jake Evans wins face-off versus Nick Schmaltz in Jets zone.
13:32 of 1st period - Shot by Hampus Lindholm.
13:32 of 1st period - Stopped by Ukko-Pekka Luukkonen with a rebound.
13:34 of 1st period - Shot by Hampus Lindholm.
13:34 of 1st period - Deflect By Oliver Bjorkstrand.
13:34 of 1st period - Stopped by Ukko-Pekka Luukkonen without a rebound.
13:35 of 1st period - Derek Grant wins face-off versus Andreas Athanasiou in Golden Knights zone.
13:35 of 1st period - Derek Grant is hit by Andreas Athanasiou.
15:12 of 1st period - Shot by Mattias Janmark.
15:12 of 1st period - Shot Misses the Net.
15:14 of 1st period - Shot by Derek Grant.
15:14 of 1st period - Stopped by Darcy Kuemper without a rebound.
15:15 of 1st period - Jack Roslovic wins face-off versus Andreas Athanasiou in Jets zone.
15:26 of 1st period - Shot by Gustav Nyquist.
15:26 of 1st period - Stopped by Ukko-Pekka Luukkonen with a rebound.
15:28 of 1st period - Shot by Connor Murphy.
15:28 of 1st period - Shot Misses the Net.
15:34 of 1st period - Shot by Andreas Athanasiou.
15:34 of 1st period - Stopped by Ukko-Pekka Luukkonen without a rebound.
15:35 of 1st period - Jake Evans wins face-off versus Nick Schmaltz in Golden Knights zone.
15:35 of 1st period - Jake Evans is hit by Andre Burakovsky.
15:47 of 1st period - Shot by Nick Schmaltz.
15:47 of 1st period - Deflect By Andre Burakovsky.
15:47 of 1st period - Shot Misses the Net.
15:50 of 1st period - Icing by Rafael Harvey-Pinard.
15:51 of 1st period - Garnet Hathaway wins face-off versus Jake Evans in Golden Knights zone.
16:04 of 1st period - Shot by Gustav Nyquist.
16:04 of 1st period - Stopped by Ukko-Pekka Luukkonen without a rebound.
16:05 of 1st period - Nick Schmaltz wins face-off versus Jack Roslovic in Golden Knights zone.
16:51 of 1st period - Nick Schmaltz is hit by Zach Werenski and loses puck.
17:36 of 1st period - Shot by Tomas Hertl.
17:36 of 1st period - Shot Misses the Net.
17:38 of 1st period - Shot by Tomas Hertl.
17:38 of 1st period - Shot Misses the Net.
17:57 of 1st period - Icing by Andreas Athanasiou.
17:58 of 1st period - Gustav Nyquist wins face-off versus Jake Evans in Jets zone.
17:58 of 1st period - Gustav Nyquist is hit by Jake Evans.
18:03 of 1st period - Icing by Andreas Athanasiou.
18:04 of 1st period - Jake Evans wins face-off versus Gustav Nyquist in Jets zone.
18:09 of 1st period - Shot by Rafael Harvey-Pinard.
18:09 of 1st period - Deflect By Vladislav Namestnikov.
18:09 of 1st period - Stopped by Darcy Kuemper with a rebound.
18:11 of 1st period - Shot by Jakob Chychrun.
18:11 of 1st period - Stopped by Darcy Kuemper without a rebound.
18:12 of 1st period - Mark Jankowski wins face-off versus Jack Roslovic in Jets zone.
18:17 of 1st period - Miro Heiskanen is hit by Mark Jankowski and loses puck.
18:26 of 1st period - Shot by Mark Stone.
18:26 of 1st period - Stopped by Darcy Kuemper without a rebound.
18:27 of 1st period - Tomas Hertl wins face-off versus Nick Schmaltz in Jets zone.
18:47 of 1st period - Off-side.
18:48 of 1st period - Mark Jankowski wins face-off versus Jack Roslovic in neutral zone.
18:58 of 1st period - Icing by Zach Werenski.
18:59 of 1st period - Jack Roslovic wins face-off versus Nick Schmaltz in Golden Knights zone.
18:59 of 1st period - Jack Roslovic is hit by Nick Schmaltz.
19:09 of 1st period - Icing by Miro Heiskanen.
19:10 of 1st period - Jack Roslovic wins face-off versus Mark Jankowski in Golden Knights zone.
19:45 of 1st period - Shot by Kirby Dach.
19:45 of 1st period - Stopped by Darcy Kuemper without a rebound.
19:46 of 1st period - Tomas Hertl wins face-off versus Nick Schmaltz in Jets zone.
19:53 of 1st period - Shot by Tomas Hertl.
19:53 of 1st period - Goal by Tomas Hertl - Jets : 0 - Golden Knights : 3.
19:54 of 1st period - Nick Schmaltz wins face-off versus Tomas Hertl in neutral zone.
Goals for this period are 0 for Jets vs 3 for Golden Knights.
Shots for this period are 11 for Jets vs 14 for Golden Knights.

2nd period


0:01 of 2nd period - Tomas Hertl wins face-off versus Gustav Nyquist in neutral zone.
1:18 of 2nd period - Shot by Oliver Bjorkstrand.
1:18 of 2nd period - Stopped by Ukko-Pekka Luukkonen without a rebound.
1:19 of 2nd period - Mark Jankowski wins face-off versus Jack Roslovic in Golden Knights zone.
1:35 of 2nd period - Icing by Travis Hamonic.
1:36 of 2nd period - Mark Stone wins face-off versus Darren Helm in Golden Knights zone.
1:41 of 2nd period - Shot by Travis Hamonic.
1:41 of 2nd period - Stopped by Darcy Kuemper without a rebound.
1:42 of 2nd period - Nick Schmaltz wins face-off versus Jake Evans in Jets zone.
3:07 of 2nd period - Icing by Zach Werenski.
3:08 of 2nd period - Tomas Hertl wins face-off versus Mark Jankowski in Golden Knights zone.
3:41 of 2nd period - Shot by Mark Jankowski.
3:41 of 2nd period - Stopped by Ukko-Pekka Luukkonen without a rebound.
3:42 of 2nd period - Gustav Nyquist wins face-off versus Mark Stone in Golden Knights zone.
3:51 of 2nd period - Shot by Gustav Nyquist.
3:51 of 2nd period - Stopped by Ukko-Pekka Luukkonen without a rebound.
3:52 of 2nd period - Jake Evans wins face-off versus Darren Helm in Golden Knights zone.
4:00 of 2nd period - Minor Penalty to Jakob Chychrun for Tripping.
4:01 of 2nd period - Jake Evans wins face-off versus Andreas Athanasiou in Golden Knights zone.
4:05 of 2nd period - Off-side.
4:06 of 2nd period - Jake Evans wins face-off versus Andreas Athanasiou in neutral zone.
5:25 of 2nd period - Shot by Oliver Bjorkstrand.
5:25 of 2nd period - Stopped by Ukko-Pekka Luukkonen without a rebound.
5:26 of 2nd period - Derek Grant wins face-off versus Nick Schmaltz in Golden Knights zone.
6:06 of 2nd period - T.J. Oshie is hit by Connor Murphy.
6:13 of 2nd period - Darren Helm is hit by Travis Hamonic and loses puck.
6:16 of 2nd period - Shot by Kieffer Bellows.
6:16 of 2nd period - Shot Misses the Net.
6:18 of 2nd period - Shot by Oskar Sundqvist.
6:18 of 2nd period - Shot Blocked by Sean Walker.
6:20 of 2nd period - Shot by Oskar Sundqvist.
6:20 of 2nd period - Shot Misses the Net.
6:31 of 2nd period - Icing by Connor Murphy.
6:32 of 2nd period - Derek Grant wins face-off versus Darren Helm in Jets zone.
7:01 of 2nd period - Shot by Derek Grant.
7:01 of 2nd period - Deflect By Austin Watson.
7:01 of 2nd period - Stopped by Darcy Kuemper without a rebound.
7:02 of 2nd period - Jack Roslovic wins face-off versus Nick Schmaltz in Jets zone.
7:16 of 2nd period - Mark Stone is hit by Matt Grzelcyk.
7:34 of 2nd period - Icing by Jakob Chychrun.
7:35 of 2nd period - Jack Roslovic wins face-off versus Gustav Nyquist in Golden Knights zone.
7:37 of 2nd period - Icing by Adam Boqvist.
7:38 of 2nd period - Gustav Nyquist wins face-off versus Jack Roslovic in Golden Knights zone.
7:41 of 2nd period - Shot by Torey Krug.
7:41 of 2nd period - Stopped by Ukko-Pekka Luukkonen without a rebound.
7:42 of 2nd period - Gustav Nyquist wins face-off versus Tomas Hertl in Golden Knights zone.
8:30 of 2nd period - Icing by Miro Heiskanen.
8:31 of 2nd period - Mark Jankowski wins face-off versus Tomas Hertl in Golden Knights zone.
8:59 of 2nd period - Shot by Jack Roslovic.
8:59 of 2nd period - Goal by Jack Roslovic - Jets : 0 - Golden Knights : 4.
8:59 of 2nd period - Dan Vladar enters game.
9:00 of 2nd period - Nick Schmaltz wins face-off versus Jack Roslovic in neutral zone.
9:02 of 2nd period - Minor Penalty to Jakob Chychrun for High sticking.
9:03 of 2nd period - Jake Evans wins face-off versus Nick Schmaltz in Golden Knights zone.
9:42 of 2nd period - Shot by Nick Schmaltz.
9:42 of 2nd period - Stopped by Ukko-Pekka Luukkonen without a rebound.
9:43 of 2nd period - Andreas Athanasiou wins face-off versus Derek Grant in Golden Knights zone.
9:46 of 2nd period - Shot by Gustav Nyquist.
9:46 of 2nd period - Stopped by Ukko-Pekka Luukkonen without a rebound.
9:47 of 2nd period - Jack Roslovic wins face-off versus Gustav Nyquist in Golden Knights zone.
9:47 of 2nd period - Zach Werenski is hit by Gustav Nyquist and loses puck.
9:58 of 2nd period - Shot by Thomas Novak.
9:58 of 2nd period - Deflect By Gustav Nyquist.
9:58 of 2nd period - Shot Misses the Net.
10:02 of 2nd period - Shot by Gustav Nyquist.
10:02 of 2nd period - Shot Misses the Net.
10:04 of 2nd period - Shot by Gustav Nyquist.
10:04 of 2nd period - Stopped by Ukko-Pekka Luukkonen without a rebound.
10:05 of 2nd period - Nick Schmaltz wins face-off versus Derek Grant in Golden Knights zone.
10:06 of 2nd period - Shot by Torey Krug.
10:06 of 2nd period - Stopped by Ukko-Pekka Luukkonen without a rebound.
10:07 of 2nd period - Jake Evans wins face-off versus Nick Schmaltz in Golden Knights zone.
10:30 of 2nd period - Shot by Hampus Lindholm.
10:30 of 2nd period - Goal by Hampus Lindholm - Jets : 1 - Golden Knights : 4.
10:31 of 2nd period - Gustav Nyquist wins face-off versus Tomas Hertl in neutral zone.
10:58 of 2nd period - Icing by Gustav Nyquist.
10:59 of 2nd period - Derek Grant wins face-off versus Gustav Nyquist in Jets zone.
11:08 of 2nd period - Shot by Austin Watson.
11:08 of 2nd period - Stopped by Dan Vladar with a rebound.
12:23 of 2nd period - Icing by Sean Walker.
12:24 of 2nd period - Mark Jankowski wins face-off versus Mark Stone in Golden Knights zone.
13:22 of 2nd period - Icing by Nate Schmidt.
13:23 of 2nd period - Mark Jankowski wins face-off versus Jake Evans in Jets zone.
13:48 of 2nd period - Jake Evans is hit by Torey Krug and loses puck.
13:57 of 2nd period - Shot by Vladislav Namestnikov.
13:57 of 2nd period - Stopped by Dan Vladar with a rebound.
14:36 of 2nd period - Shot by Miro Heiskanen.
14:36 of 2nd period - Shot Misses the Net.
14:42 of 2nd period - Nick Schmaltz is hit by Marcus Foligno and loses puck.
14:43 of 2nd period - Nick Schmaltz from Jets is injured at 14:43 of 2nd period (Left Foot).
14:44 of 2nd period - Gustav Nyquist wins face-off versus Jack Roslovic in Jets zone.
15:01 of 2nd period - Shot by Jack Roslovic.
15:01 of 2nd period - Stopped by Dan Vladar with a rebound.
15:13 of 2nd period - Shot by Gustav Nyquist.
15:13 of 2nd period - Stopped by Ukko-Pekka Luukkonen without a rebound.
15:14 of 2nd period - Tomas Hertl wins face-off versus Darren Helm in Golden Knights zone.
15:14 of 2nd period - Tomas Hertl is hit by Oskar Sundqvist.
15:20 of 2nd period - Shot by Miro Heiskanen.
15:20 of 2nd period - Stopped by Dan Vladar without a rebound.
15:21 of 2nd period - Darren Helm wins face-off versus Tomas Hertl in Jets zone.
16:31 of 2nd period - Off-side.
16:32 of 2nd period - Jake Evans wins face-off versus Andreas Athanasiou in neutral zone.
17:36 of 2nd period - Icing by Joe Veleno.
17:37 of 2nd period - Thomas Novak wins face-off versus Tomas Hertl in Jets zone.
17:50 of 2nd period - Shot by Tomas Hertl.
17:50 of 2nd period - Stopped by Dan Vladar without a rebound.
17:51 of 2nd period - Jack Roslovic wins face-off versus Darren Helm in Jets zone.
18:17 of 2nd period - Icing by Nate Schmidt.
18:18 of 2nd period - T.J. Oshie wins face-off versus Darren Helm in Jets zone.
18:36 of 2nd period - Icing by Matt Grzelcyk.
18:37 of 2nd period - Jack Roslovic wins face-off versus Oskar Sundqvist in Jets zone.
18:48 of 2nd period - Shot by Jack Roslovic.
18:48 of 2nd period - Shot Misses the Net.
18:50 of 2nd period - Shot by Jack Roslovic.
18:50 of 2nd period - Shot Misses the Net.
18:52 of 2nd period - Shot by Mark Stone.
18:52 of 2nd period - Stopped by Dan Vladar with a rebound.
18:54 of 2nd period - Shot by Jack Roslovic.
18:54 of 2nd period - Stopped by Dan Vladar with a rebound.
18:56 of 2nd period - Shot by Kirby Dach.
18:56 of 2nd period - Stopped by Dan Vladar without a rebound.
18:57 of 2nd period - Gustav Nyquist wins face-off versus Tomas Hertl in Jets zone.
Goals for this period are 1 for Jets vs 1 for Golden Knights.
Shots for this period are 11 for Jets vs 11 for Golden Knights.

3rd period


0:01 of 3rd period - Tomas Hertl wins face-off versus Andreas Athanasiou in neutral zone.
0:33 of 3rd period - Icing by Torey Krug.
0:34 of 3rd period - Jack Roslovic wins face-off versus Andreas Athanasiou in Jets zone.
0:57 of 3rd period - Hampus Lindholm is hit by Kirby Dach and loses puck.
1:09 of 3rd period - Icing by Torey Krug.
1:10 of 3rd period - Tomas Hertl wins face-off versus Andreas Athanasiou in Jets zone.
2:30 of 3rd period - Shot by Jake Bean.
2:30 of 3rd period - Shot Misses the Net.
3:08 of 3rd period - Shot by Mark Stone.
3:08 of 3rd period - Shot Misses the Net.
3:10 of 3rd period - Shot by Jack Roslovic.
3:10 of 3rd period - Stopped by Dan Vladar without a rebound.
3:11 of 3rd period - Derek Grant wins face-off versus Darren Helm in Jets zone.
3:18 of 3rd period - Shot by Derek Grant.
3:18 of 3rd period - Deflect By Mattias Janmark.
3:18 of 3rd period - Stopped by Dan Vladar without a rebound.
3:19 of 3rd period - Darren Helm wins face-off versus Jack Roslovic in Jets zone.
3:28 of 3rd period - Mark Stone is hit by Kieffer Bellows and loses puck.
3:35 of 3rd period - Shot by Darren Helm.
3:35 of 3rd period - Stopped by Ukko-Pekka Luukkonen without a rebound.
3:36 of 3rd period - Darren Helm wins face-off versus Tomas Hertl in Golden Knights zone.
4:04 of 3rd period - Icing by Adam Boqvist.
4:05 of 3rd period - Tomas Hertl wins face-off versus Mark Jankowski in Golden Knights zone.
4:28 of 3rd period - Shot by Thomas Novak.
4:28 of 3rd period - Deflect By Joe Veleno.
4:28 of 3rd period - Shot Misses the Net.
4:30 of 3rd period - Shot by Thomas Novak.
4:30 of 3rd period - Shot Blocked by Adam Boqvist.
4:32 of 3rd period - Shot by Matt Grzelcyk.
4:32 of 3rd period - Stopped by Ukko-Pekka Luukkonen without a rebound.
4:33 of 3rd period - Gustav Nyquist wins face-off versus Jack Roslovic in Golden Knights zone.
4:33 of 3rd period - Jake Bean is hit by Miro Heiskanen and loses puck.
4:53 of 3rd period - Off-side.
4:54 of 3rd period - Jake Evans wins face-off versus Andreas Athanasiou in neutral zone.
4:54 of 3rd period - Jake Evans is hit by Oliver Bjorkstrand.
5:04 of 3rd period - Shot by Sean Walker.
5:04 of 3rd period - Stopped by Dan Vladar without a rebound.
5:05 of 3rd period - Mark Jankowski wins face-off versus Jack Roslovic in Jets zone.
5:05 of 3rd period - Mark Jankowski is hit by Jack Roslovic.
5:24 of 3rd period - Shot by Mark Stone.
5:24 of 3rd period - Shot Misses the Net.
5:26 of 3rd period - Shot by Jack Roslovic.
5:26 of 3rd period - Deflect By Mark Stone.
5:26 of 3rd period - Shot Blocked by Jake Bean.
5:28 of 3rd period - Shot by Mark Stone.
5:28 of 3rd period - Shot Misses the Net.
5:30 of 3rd period - Shot by Mark Stone.
5:30 of 3rd period - Shot Misses the Net.
6:12 of 3rd period - Shot by Marcus Foligno.
6:12 of 3rd period - Shot Misses the Net.
6:14 of 3rd period - Shot by Marcus Foligno.
6:14 of 3rd period - Shot Blocked by Connor Murphy.
6:22 of 3rd period - Shot by T.J. Oshie.
6:22 of 3rd period - Stopped by Dan Vladar with a rebound.
6:34 of 3rd period - Shot by Tomas Hertl.
6:34 of 3rd period - Stopped by Dan Vladar without a rebound.
6:35 of 3rd period - Jake Evans wins face-off versus Gustav Nyquist in Jets zone.
6:35 of 3rd period - Jake Evans is hit by Torey Krug.
6:44 of 3rd period - Icing by Torey Krug.
6:45 of 3rd period - Derek Grant wins face-off versus Gustav Nyquist in Jets zone.
7:53 of 3rd period - Shot by T.J. Oshie.
7:53 of 3rd period - Stopped by Dan Vladar without a rebound.
7:54 of 3rd period - Darren Helm wins face-off versus Jack Roslovic in Jets zone.
7:54 of 3rd period - Darren Helm is hit by Jack Roslovic.
8:02 of 3rd period - Nate Schmidt is hit by Mark Stone.
9:12 of 3rd period - Shot by Tomas Hertl.
9:12 of 3rd period - Stopped by Dan Vladar without a rebound.
9:13 of 3rd period - Jake Evans wins face-off versus Gustav Nyquist in Jets zone.
9:18 of 3rd period - Shot by Rafael Harvey-Pinard.
9:18 of 3rd period - Deflect By Vladislav Namestnikov.
9:18 of 3rd period - Stopped by Dan Vladar without a rebound.
9:19 of 3rd period - Jake Evans wins face-off versus Gustav Nyquist in Jets zone.
9:42 of 3rd period - Shot by Jake Evans.
9:42 of 3rd period - Stopped by Dan Vladar without a rebound.
9:43 of 3rd period - Andreas Athanasiou wins face-off versus Marcus Foligno in Jets zone.
10:56 of 3rd period - Shot by Mark Jankowski.
10:56 of 3rd period - Stopped by Ukko-Pekka Luukkonen without a rebound.
10:57 of 3rd period - Darren Helm wins face-off versus Jake Evans in Golden Knights zone.
10:57 of 3rd period - Nate Schmidt is hit by Sean Walker and loses puck.
11:28 of 3rd period - Shot by Rafael Harvey-Pinard.
11:28 of 3rd period - Stopped by Dan Vladar without a rebound.
11:29 of 3rd period - Jack Roslovic wins face-off versus Mark Jankowski in Jets zone.
11:29 of 3rd period - Jack Roslovic is hit by Hampus Lindholm.
11:41 of 3rd period - Shot by Mark Stone.
11:41 of 3rd period - Shot Misses the Net.
11:43 of 3rd period - Shot by Jakob Chychrun.
11:43 of 3rd period - Shot Blocked by Mark Jankowski.
11:45 of 3rd period - Shot by Jakob Chychrun.
11:45 of 3rd period - Stopped by Dan Vladar without a rebound.
11:45 of 3rd period - Minor Penalty to Torey Krug for High sticking.
11:46 of 3rd period - Tomas Hertl wins face-off versus Gustav Nyquist in Jets zone.
11:49 of 3rd period - Shot by Miro Heiskanen.
11:49 of 3rd period - Stopped by Dan Vladar without a rebound.
11:50 of 3rd period - Tomas Hertl wins face-off versus Garnet Hathaway in Jets zone.
12:11 of 3rd period - Gustav Nyquist is hit by Kirby Dach and loses puck.
12:24 of 3rd period - Jake Bean is hit by Mark Stone and loses puck.
13:02 of 3rd period - Shot by Adam Boqvist.
13:02 of 3rd period - Shot Blocked by Jake Bean.
13:20 of 3rd period - Shot by Jakob Chychrun.
13:20 of 3rd period - Shot Misses the Net.
13:22 of 3rd period - Shot by Jakob Chychrun.
13:22 of 3rd period - Deflect By T.J. Oshie.
13:22 of 3rd period - Goal by T.J. Oshie - Jets : 1 - Golden Knights : 5.
13:23 of 3rd period - Andreas Athanasiou wins face-off versus Jake Evans in neutral zone.
13:35 of 3rd period - Shot by Vladislav Namestnikov.
13:35 of 3rd period - Stopped by Dan Vladar without a rebound.
13:36 of 3rd period - Mark Jankowski wins face-off versus Derek Grant in Jets zone.
13:41 of 3rd period - Shot by Torey Krug.
13:41 of 3rd period - Shot Blocked by Miro Heiskanen.
15:15 of 3rd period - Minor Penalty to Kieffer Bellows for Slashing.
15:16 of 3rd period - Tomas Hertl wins face-off versus Gustav Nyquist in Jets zone.
15:19 of 3rd period - Shot by Zach Werenski.
15:19 of 3rd period - Stopped by Dan Vladar without a rebound.
15:20 of 3rd period - Gustav Nyquist wins face-off versus Tomas Hertl in Jets zone.
15:24 of 3rd period - Off-side.
15:25 of 3rd period - Gustav Nyquist wins face-off versus Tomas Hertl in neutral zone.
15:37 of 3rd period - Icing by Mark Stone.
15:38 of 3rd period - Mark Stone wins face-off versus Gustav Nyquist in Golden Knights zone.
16:12 of 3rd period - Shot by Tomas Hertl.
16:12 of 3rd period - Stopped by Dan Vladar with a rebound.
16:14 of 3rd period - Shot by Kirby Dach.
16:14 of 3rd period - Shot Misses the Net.
16:48 of 3rd period - Icing by Jack Roslovic.
16:49 of 3rd period - Andreas Athanasiou wins face-off versus Jack Roslovic in Golden Knights zone.
17:48 of 3rd period - Oliver Bjorkstrand is hit by Rafael Harvey-Pinard and loses puck.
18:56 of 3rd period - Shot by Thomas Novak.
18:56 of 3rd period - Stopped by Ukko-Pekka Luukkonen with a rebound.
18:58 of 3rd period - Shot by Mark Jankowski.
18:58 of 3rd period - Stopped by Ukko-Pekka Luukkonen with a rebound.
19:00 of 3rd period - Shot by Mark Jankowski.
19:00 of 3rd period - Shot Blocked by Adam Boqvist.
19:34 of 3rd period - Shot by Miro Heiskanen.
19:34 of 3rd period - Shot Misses the Net.
Goals for this period are 0 for Jets vs 1 for Golden Knights.
Shots for this period are 5 for Jets vs 16 for Golden Knights.